 Dungeon Crawl Stone Soup version 0.24-a0-730-g011b83a (webtiles) character file.

Game seed: 8489576583671017421, levelgen mode: deterministic

4250 DrKleor the Slicer (level 10, -4/67 HPs)
             Began as a Demonspawn Gladiator on Oct 1, 2019.
             Was a Believer of Okawaru.
             Slain by a wight
             ... wielding a +3 spear
              (8 damage)
             ... on level 8 of the Dungeon.
             The game lasted 00:24:38 (10532 turns).

DrKleor the Slicer (Demonspawn Gladiator)          Turns: 10532, Time: 00:24:38

Health: -4/67      AC:  4    Str: 15    XL:     10   Next: 9%
Magic:  10/10      EV: 13    Int: 10    God:    Okawaru [**....]
Gold:   365        SH:  0    Dex: 17    Spells: 9/9 levels left

rFire    . . .     SeeInvis .   a - +0 rapier
rCold    . . .     Gourm    .   (no shield)
rNeg     . . .     Faith    +   b - +0 leather armour
rPois    +         Spirit   .   (helmet restricted)
rElec    .         Reflect  .   p - scarf {cloud immunity}
rCorr    .         Harm     .   B - +0 pair of gloves
MR       .....                  (no boots)
Stlth    +.........             v - amulet of faith
HPRegen  0.21/turn              e - +2 ring of evasion
MPRegen  0.12/turn              g - ring of poison resistance

@: starving, heavily drained
A: antennae 1, powered by death 2, powered by pain 1
a: Heroism, Renounce Religion


You were on level 8 of the Dungeon.
You worshipped Okawaru.
Okawaru was pleased with you.
You were starving.

You visited 2 branches of the dungeon, and saw 9 of its levels.

You collected 365 gold pieces.

Inventory:

Hand Weapons
 a - a +0 rapier (weapon)
Missiles
 d - a throwing net (quivered)
 r - 22 poisoned darts
Armour
 b - a +0 leather armour (worn)
 c - a +0 helmet
 o - a cursed +0 buckler
 p - a scarf of cloud immunity (worn)
 B - a +0 pair of gloves (worn)
Jewellery
 e - a +2 ring of evasion (left hand)
 g - a ring of poison resistance (right hand)
 v - an amulet of faith (around neck)
 w - an uncursed ring of wizardry {unknown}
 x - an uncursed ring of resist corrosion {unknown}
 H - an uncursed ring of ice {unknown}
Scrolls
 k - a scroll of random uselessness {unknown}
 l - 2 scrolls of enchant armour {unknown}
 t - 6 scrolls of teleportation {unknown}
 u - 3 scrolls of remove curse {unknown}
 y - 2 scrolls of immolation {unknown}
 z - a scroll of amnesia {unknown}
 A - a scroll of magic mapping {unknown}
 D - a scroll of identify
 G - a scroll of blinking {unknown}
 I - a scroll of enchant weapon {unknown}
 J - a scroll of fog {unknown}
Potions
 h - a potion of agility {unknown}
 i - a potion of mutation
 m - 2 potions of brilliance
 q - a potion of lignification
 s - a potion of magic
 C - a potion of flight
 E - 2 potions of cancellation
 F - a potion of curing
Comestibles
 f - 17 rations


   Skills:
 - Level 2.0(0.0) Fighting
 + Level 13.2(10.7) Short Blades
 - Level 1.7(0.0) Throwing
 - Level 2.6(0.7) Dodging


You had 9 spell levels left.
You didn't know any spells.
Your spell library contained the following spells:

 Spells                   Type           Power        Failure   Level  Hunger
 Magic Dart               Conj           #...         43%         1    ##.....
 Searing Ray              Conj           #.....       56%         2    ###....
 Dazzling Spray           Conj/Hex       #.....       80%         3    ####...
 Force Lance              Conj/Tloc      #.......     99%         4    #####..
 Fulminant Prism          Conj/Hex       #.........   99%         4    #####..
 Iskenderun's Mystic Bla  Conj           #.......     99%         4    #####..


Dungeon Overview and Level Annotations

Branches:
Dungeon (8/15)             Temple (1/1) D:6
   Lair: D:8-11

Altars:
Ashenzari
Dithmenos
Elyvilon
Fedhas
Gozag
Kikubaaqudgha
Makhleb
Nemelex Xobeh
Okawaru
Qazlal
Sif Muna
Trog
Vehumet
Wu Jian
Xom
The Shining One


Innate Abilities, Weirdness & Mutations

You have a pair of small antennae on your head.
You regenerate health from kills.
You sometimes gain a little power by taking damage.


Message History

You feel drained.
* * * LOW HITPOINT WARNING * * *
You hit the wight but do no damage.
The wight is severely damaged.
The wight hits you with a +3 spear.
* * * LOW HITPOINT WARNING * * *
You feel drained.
* * * LOW HITPOINT WARNING * * *
You closely miss the wight.
The wight is severely damaged.
* * * LOW HITPOINT WARNING * * *
You feel sick.
You feel better. The killer bee stings you.
* * * LOW HITPOINT WARNING * * *
The wight hits you with a +3 spear.
* * * LOW HITPOINT WARNING * * *
You barely miss the wight.
The wight is severely damaged.
The killer bee closely misses you. The wight hits you with a +3 spear!
You die...

..............[# ....#
...............# ....#
#..##.####.##..# ...#
###..#######.##..##...##
.........#..............
.....#
.........#........<.....
.....#
.........+..............
.....+
.......z.#..............
.....#
.......@.#..............
#...#
.##.##.y##..###..##[..##
#...###########..##..######
...#
......y......#........#
....
.............'........#
....#
.............#....>...#
.............#........#
.............#.......>#
.............#........#


You could see a killer bee and a wight.

Vanquished Creatures
  Pikel (D:4)
  Grinder (D:5)
  Sigmund (D:6)
  3 yaks (D:7)
  Eustachio (D:4)
  Menkaure (D:6)
  2 orc warriors (D:6)
  2 eyes of draining (D:3)
  A phantom (D:8)
  A black bear (D:6)
  2 slaves
  3 centaurs
  3 ogres
  3 bullfrogs
  Blork the orc (D:4)
  A wyvern zombie (D:6)
  2 scorpions
  4 wights
  2 howler monkeys
  A bullfrog zombie (D:7)
  3 crimson imps
  2 bullfrog skeletons
  2 orc priests (D:5)
  6 hounds
  A jelly (D:6)
  3 orc wizards (D:5)
  4 iguanas
  4 worker ants
  A mummy (D:7)
  A howler monkey zombie (D:5)
  13 adders
  2 gnolls
  A shadow imp (D:5)
  2 oozes
  3 adder skeletons
  2 worms
  4 dart slugs
  11 leopard geckos
  21 orcs
  7 bats
  6 giant cockroaches
  6 goblins
  5 hobgoblins
  4 jackals (D:1)
  6 quokkas
  A frilled lizard (D:1)
  A jackal skeleton (D:5)
  6 kobolds
  2 quokka skeletons
  12 rats
178 creatures vanquished.

Notes
Turn   | Place    | Note
-------+----------+-------------------------------------------
     0 | D:1      | DrKleor the Demonspawn Gladiator began the quest for the
                  | Orb.
     0 | D:1      | Reached XP level 1. HP: 16/16 MP: 1/1
    22 | D:1      | Reached skill level 3 in Short Blades
    26 | D:1      | Gained mutation: You have a pair of small antennae on your
                  | head. [demonic ancestry]
    26 | D:1      | Reached XP level 2. HP: 18/22 MP: 2/2
   333 | D:1      | Reached XP level 3. HP: 27/27 MP: 3/3
   439 | D:1      | Reached skill level 4 in Short Blades
  1033 | D:2      | Gained mutation: You sometimes gain a little power by
                  | taking damage. [demonic ancestry]
  1033 | D:2      | Reached XP level 4. HP: 10/33 MP: 4/4
  1735 | D:2      | Reached skill level 5 in Short Blades
  1817 | D:2      | Found a glowing golden altar of the Shining One.
  2539 | D:3      | Gained mutation: You regenerate a little health from kills.
                  | [demonic ancestry]
  2539 | D:3      | Reached XP level 5. HP: 29/38 MP: 5/5
  3121 | D:3      | Found a bloodstained altar of Trog.
  3121 | D:3      | Noticed an eye of draining
  3121 | D:3      | Noticed an eye of draining
  3156 | D:3      | Killed an eye of draining
  3156 | D:3      | Reached skill level 6 in Short Blades
  3190 | D:3      | Killed an eye of draining
  3190 | D:3      | Gained mutation: You regenerate health from kills. [demonic
                  | ancestry]
  3190 | D:3      | Reached XP level 6. HP: 44/44 MP: 0/6
  3854 | D:4      | Noticed Eustachio
  3963 | D:4      | Killed Eustachio
  3963 | D:4      | Reached skill level 7 in Short Blades
  3963 | D:4      | Reached XP level 7. HP: 19/50 MP: 7/7
  4193 | D:4      | Noticed Pikel
  4480 | D:4      | Killed Pikel
  4480 | D:4      | Reached skill level 9 in Short Blades
  4480 | D:4      | Reached XP level 8. HP: 25/56 MP: 8/8
  4766 | D:4      | Noticed Blork the orc
  4780 | D:4      | Killed Blork the orc
  4958 | D:5      | Entered Level 5 of the Dungeon
  5200 | D:5      | Reached skill level 10 in Short Blades
  5372 | D:5      | HP: 1/56 [orc wizard/+0 dagger (3)]
  5490 | D:5      | Noticed Grinder
  5539 | D:5      | Killed Grinder
  5913 | D:5      | Reached skill level 11 in Short Blades
  6159 | D:6      | Noticed Menkaure
  6166 | D:6      | Killed Menkaure
  6166 | D:6      | Reached XP level 9. HP: 38/61 MP: 9/9
  6445 | D:6      | Noticed Sigmund
  6473 | D:6      | Killed Sigmund
  6573 | D:6      | Found a staircase to the Ecumenical Temple.
  6671 | Temple   | Entered the Ecumenical Temple
  6699 | Temple   | Became a worshipper of Warmaster Okawaru
  7163 | D:6      | Reached skill level 12 in Short Blades
  7777 | D:6      | HP: 2/61 [orc warrior/+1 dire flail of protection (15)]
  8852 | D:7      | Reached * piety under Okawaru
  8894 | D:7      | Reached skill level 13 in Short Blades
  9438 | D:7      | Reached XP level 10. HP: 67/67 MP: 10/10
 10506 | D:8      | Reached ** piety under Okawaru
 10529 | D:8      | HP: 3/67 [wight/+3 spear (4)]
 10530 | D:8      | HP: 1/67 [poisoned by a killer bee]
 10532 | D:8      | Slain by a wight

Levels and vault maps discovered:
D:1:      zelgadis_glass_arrival_small, layout_loops_ring
D:2:      layout_basic, nicolae_tso_swordbearing_angel
D:3:      layout_basic, trog_eyes_of_draining
D:4:      layout_loops_ring, uniq_pikel, uniq_blork_the_orc, uniq_eustachio
D:5:      layout_loops_cross, serial_co_window_serial, co_window_corner_a,
          co_window_paths_b, co_window_paths_a, co_window_of_opportunity_a,
          co_window_paths_b, co_window_corner_a, co_window_paths_b,
          co_window_corner_b, co_window_unsneaky_path_d, co_window_cross_3,
          co_window_2corner, first_ration, cheibrodos_gnoll_hut, uniq_grinder
D:6:      minmay_bubble_buster, layout_layer_cave,
          minmay_temple_entry_statues_pillars, uniq_sigmund, uniq_menkaure
D:7:      layout_basic, serial_undead, serial_undead_c, serial_undead_a,
          serial_undead_c, serial_undead_c
D:8:      layout_gridville
Temple:   grunt_wide_crystal_templ

Skill      XL: |  1  2  3  4  5  6  7  8  9 |
---------------+----------------------------+-----
Short Blades   | 3 4 5 6 7 9 11 13 | 13.2
Fighting       | |  2.0
Throwing       | |  1.7
Dodging        | |  2.6

Action                   |  1- 3 |  4- 6 |  7- 9 | 10-12 || total
-------------------------+-------+-------+-------+-------++-------
Melee: Rapier            |   126 |   251 |   622 |   121 ||  1120
Throw: Throwing net      |       |       |     3 |       ||     3
  Use: Potion            |       |       |     3 |     2 ||     5
       Scroll            |       |       |    10 |     2 ||    12
 Stab: Sleeping          |     1 |       |     2 |       ||     3
  Eat: Chunk             |       |     9 |    19 |     1 ||    29
Armor: Leather armour    |    32 |    37 |    51 |    17 ||   137
Dodge: Dodged            |    98 |   185 |   326 |    67 ||   676

Table legend:
 A = Non-vault XP
 B = Vault XP
 C = Vault XP percentage of total XP
 D = Non-vault monster count
 E = Vault monster count
 F = Vault count percentage of total count
                 A         B        C        D         E       F
            +---------+---------+-------+---------+---------+-------
      Total |    3742 |    2330 |  38.4 |     151 |      25 |  14.2
            +---------+---------+-------+---------+---------+-------
        D:1 |      66 |       0 |   0.0 |      33 |       0 |   0.0
        D:2 |     106 |       0 |   0.0 |      21 |       0 |   0.0
        D:3 |      70 |     259 |  78.7 |      16 |       4 |  20.0
        D:4 |     335 |     942 |  73.8 |      14 |       3 |  17.6
        D:5 |     650 |     365 |  36.0 |      22 |       4 |  15.4
        D:6 |    1178 |     581 |  33.0 |      29 |      10 |  25.6
        D:7 |     911 |     183 |  16.7 |      10 |       4 |  28.6
        D:8 |     426 |       0 |   0.0 |       6 |       0 |   0.0
            +---------+---------+-------+---------+---------+-------
